 Dungeon Crawl Stone Soup version 0.22-a0-480-g991dd4b (webtiles) character file.

66 Gildenfire the Charmwright (level 3, -10/18 HPs)
             Began as a Spriggan Skald on June 14, 2018.
             Was an Initiate of Nemelex Xobeh.
             Killed from afar by an orc wizard (11 damage)
             ... with a puff of flame
             ... on level 2 of the Dungeon on June 15, 2018.
             The game lasted 00:27:28 (1629 turns).

Gildenfire the Charmwright (Spriggan Skald)         Turns: 1629, Time: 00:27:31

Health: -10/18     AC:  3    Str:  7    XL:     3   Next: 96%
Magic:  4/8        EV: 19    Int: 14    God:    Nemelex Xobeh [......]
Gold:   4          SH:  0    Dex: 16    Spells: 7/8 levels left

rFire    . . .     SeeInvis +   a - +1 short sword
rCold    . . .     Gourm    .   (shield restricted)
rNeg     . . .     Faith    .   b - +1 robe
rPois    .         Spirit   .   (helmet restricted)
rElec    .         Reflect  .   (no cloak)
rCorr    .         Harm     .   (gloves unavailable)
MR       .....                  (boots unavailable)
Stlth    ++........             c - amulet of rage
HPRegen  0.06/turn              (no ring)
MPRegen  0.11/turn              (no ring)

@: very quick
A: very small, unfitting armour, see invisible, herbivore, speed 3, slow
metabolism 2
a: Renounce Religion, Evoke Berserk Rage


You were on level 2 of the Dungeon.
You worshipped Nemelex Xobeh.
Nemelex Xobeh was noncommittal.
You were not hungry.

You visited 1 branch of the dungeon, and saw 2 of its levels.

You collected 4 gold pieces.

Inventory:

Hand Weapons
 a - a +1 short sword (weapon)
Armour
 b - a +1 robe (worn)
Jewellery
 c - an amulet of rage (around neck)
Potions
 e - 4 potions of might {unknown}
 f - 2 potions of brilliance
Miscellaneous
 g - a plain deck of escape
Comestibles
 d - 5 rations


   Skills:
 + Level 1.8 Fighting
 * Level 3.3 Short Blades
 + Level 4.0 Dodging
 * Level 1.8 Stealth
 + Level 3.0 Spellcasting
 - Level 5.0 Charms


You had 7 spell levels left.
You knew the following spells:

 Your Spells              Type           Power        Failure   Level  Hunger
a - Infusion              Chrm           ###.         2%          1    #......

Your spell library contained the following spells:

 Spells                   Type           Power        Failure   Level  Hunger
 Regeneration             Chrm/Necr      #.........   22%         3    ###....
 Shroud of Golubria       Chrm/Tloc      #.........   12%         2    ##.....
 Song of Slaying          Chrm           ###.....     4%          2    ##.....
 Spectral Weapon          Hex/Chrm       #.......     22%         3    ###....


Dungeon Overview and Level Annotations

Branches:
Dungeon (2/15)

Altars:
Nemelex Xobeh
Yredelemnul


Innate Abilities, Weirdness & Mutations

You are very small and have problems with some larger weapons.
You are too small for most types of armour.
You have supernaturally acute eyesight. (SInv)
You are a herbivore.
You cover ground extremely quickly.
You need to consume almost no food.


Message History

You closely miss the orc wizard. The orc wizard hits you with a dagger.
The orc priest looks satisfied for a moment.
You hit the orc wizard.
The orc wizard is lightly wounded.
The orc wizard hits you with a dagger.
You hit the orc wizard.
The orc wizard is heavily wounded.
The orc wizard gestures at you while chanting.
You resist with some effort.
The orc priest mumbles some strange prayers to Beogh against you.
Beogh smites you!
Ouch! That really hurt!
* * * LOW HITPOINT WARNING * * *
You barely miss the orc wizard.
The orc wizard is heavily wounded.
The orc wizard points at you and mumbles some strange words.
The puff of flame hits you!
Ouch! That really hurt!
You die...
Your body disappears without a glow.

........#.....<...(##
#######.#.###.....##
#.#.# #..#.## #...#
#..#.# ##### #..#.#
#..#.# #..#.#####
###......# ##@###..#
#o# # ....##.oo.o#
...._#.###..# ..!.###
..# ...8## ... #8##
.# # #


You could see an orc priest, an orc wizard (invisible) and an orc.

Vanquished Creatures
  Jessica (D:2)
  4 dart slugs (D:1)
  5 bats
  6 goblins
  5 hobgoblins
  4 kobolds
  2 frilled lizards (D:1)
  4 rats
31 creatures vanquished.

Notes
Turn   | Place    | Note
-------+----------+-------------------------------------------
     0 | D:1      | Gildenfire the Spriggan Skald began the quest for the Orb.
     0 | D:1      | Reached XP level 1. HP: 10/10 MP: 5/5
   175 | D:1      | Reached XP level 2. HP: 9/14 MP: 6/6
   306 | D:1      | Reached skill level 1 in Stealth
   535 | D:1      | Reached skill level 5 in Charms
  1034 | D:1      | Reached XP level 3. HP: 5/18 MP: 8/8
  1174 | D:1      | Found a sparkling altar of Nemelex Xobeh.
  1180 | D:1      | Became a worshipper of Nemelex Xobeh the Trickster
  1342 | D:2      | Received a gift from Nemelex Xobeh
  1464 | D:2      | Noticed Jessica
  1591 | D:2      | Killed Jessica
  1619 | D:2      | Found a basalt altar of Yredelemnul.
  1629 | D:2      | Killed from afar by an orc wizard

Vault maps used:
D:1:      evilmike_arrival_rings, nemelex_diamond_rough_becter
D:2:      nicolae_overflow_hidden_temple, uniq_jessica

Skill      XL: |  1  2  3 |
---------------+----------+-----
Stealth        | 1 |  1.8
Charms         | 5 |  5.0
Short Blades   | 3 |  3.3
Dodging        | 4 |  4.0
Spellcasting   | 3 |  3.0
Fighting       | |  1.8

Action                   || total
-------------------------++-------
Melee: Short sword       ||   132
 Cast: Infusion          ||     4
  Use: Scroll            ||     5
 Stab: Sleeping          ||     1
Armor: Robe              ||    14
Dodge: Dodged            ||   131

Table legend:
 A = Spawn XP
 B = Non-spawn XP
 C = Spawn XP percentage of total XP
 D = Spawn monster count
 E = Non-spawn monster count
 F = Spawn count percentage of total count
 G = Total turns spent on level
                    A         B        C        D         E        F      G
               +---------+---------+-------+---------+---------+-------+---------
         Total |       0 |      95 |   0.0 |       0 |      31 |   0.0 |  1629
               +---------+---------+-------+---------+---------+-------+---------
           D:1 |       0 |      48 |   0.0 |       0 |      23 |   0.0 |  1340
           D:2 |       0 |      47 |   0.0 |       0 |       8 |   0.0 |   289
               +---------+---------+-------+---------+---------+-------+---------
